 Dungeon Crawl Stone Soup version 0.29-a0-802-g34511f41fd (webtiles) character file.

Game seed: 433187141484197632

13963 ReploidZero the Fighter (level 12, -3/126 HPs)
             Began as an Ogre Ice Elementalist on July 3, 2022.
             Was an Elder of Vehumet.
             Slain by a merfolk
             ... wielding a +0 trident
              (12 damage)
             ... on level 2 of the Lair of Beasts.
             The game lasted 00:38:41 (13040 turns).

ReploidZero the Fighter (Ogre Ice Elementalist)    Turns: 13040, Time: 00:38:42

Health: -3/126     AC:  7    Str: 20    XL:     12   Next: 11%
Magic:  25/27      EV: 13    Int: 19    God:    Vehumet [****..]
Gold:   703        SH:  0    Dex: 21    Spells: 5/29 levels left

rFire   . . .      SeeInvis .   m - +7 flail of Reason {spect, *Slow rElec Dex+8 Stlth+}
rCold   . . .      Faith    .   (no shield)
rNeg    + . .      Spirit   .   s - +0 steam dragon scales
rPois   +          Reflect  .   (helmet restricted)
rElec   +          Harm     .   x - +0 cloak
rCorr   .          Rampage  .   (gloves unavailable)
Will    +....                   (boots unavailable)
Stlth   +++.......              D - amulet of regeneration
HPRegen 1.11/turn               u - +6 ring of strength
MPRegen 0.20/turn               t - ring of positive energy

@: freezing walls, mesmerised
A: large, unfitting armour, tough skin 1, agile 1, high MP 1, poison resistance,
wild magic 1
a: Renounce Religion


You were on level 2 of the Lair of Beasts.
You worshipped Vehumet.
Vehumet was greatly pleased with you.
You visited 3 branches of the dungeon, and saw 12 of its levels.
You also visited: Sewer.

You collected 793 gold pieces.
You spent 90 gold pieces at shops.

Inventory:

Hand Weapons
 e - a +1 whip of protection
 m - the +7 flail of Reason (weapon) {spect, *Slow rElec Dex+8 Stlth+}
   (You found it on level 2 of the Dungeon)

   When its wielder attacks, the weapon's spirit leaps out and strikes again.
   The spirit shares a part of any damage it takes with its wielder.
   Dex:       It affects your dexterity (+8).
   rElec:     It insulates you from electricity.
   *Slow:     It may slow you when you take damage.
   Stlth:     It makes you more stealthy.
Missiles
 j - 5 throwing nets
 A - 2 atropa-tipped darts
 B - 6 curare-tipped darts
 L - 3 large rocks
Armour
 a - a +1 robe
 s - +0 steam dragon scales (worn)
 x - a +0 cloak (worn)
 y - a +1 tower shield of protection
Magical Staves
 f - a staff of fire
Jewellery
 t - a ring of positive energy (right hand)
 u - a +6 ring of strength (left hand)
 D - an amulet of regeneration (around neck)
 M - an amulet of reflection
Wands
 h - a wand of charming (25)
 w - a wand of flame (35)
 z - a wand of iceblast (10)
 G - a wand of light (8)
 K - a wand of digging (12)
Scrolls
 c - 4 scrolls of poison
 d - 3 scrolls of teleportation
 g - 2 scrolls of torment
 i - 4 scrolls of immolation
 p - 4 scrolls of enchant armour
 r - 10 scrolls of identify
 N - 2 scrolls of acquirement {unknown}
 P - 2 scrolls of blinking
Potions
 b - 2 potions of magic
 k - a potion of attraction
 l - 4 potions of degeneration
 n - 2 potions of resistance
 o - 8 potions of curing
 q - 3 potions of lignification {unknown}
 v - 7 potions of flight
 C - 3 potions of haste {unknown}
 E - 2 potions of invisibility {unknown}
 F - 3 potions of mutation
 H - a potion of cancellation {unknown}
 I - 4 potions of heal wounds {unknown}
 J - 2 potions of ambrosia {unknown}
 O - a potion of brilliance {unknown}


   Skills:
 + Level 9.9 Fighting
 + Level 5.2 Dodging
 - Level 1.4 Stealth
 + Level 9.4 Spellcasting
 + Level 5.7 Conjurations
 + Level 5.1 Fire Magic
 + Level 8.6 Ice Magic
 + Level 5.7 Air Magic
 - Level 5.0 Poison Magic


You had 5 spell levels left.
You knew the following spells:

 Your Spells              Type           Power      Damage    Failure   Level
a - Freeze                Ice            100%       1d11      1%          1
b - Frozen Ramparts       Ice            100%       1d12      1%          3
c - Ozocubu's Armour      Ice            52%        N/A       1%          3
d - Hailstorm             Conj/Ice       47%        3d11      1%          4
e - Poisonous Vapours     Pois/Air       76%        N/A       1%          2
f - Foxfire               Conj/Fire      100%       2x1d9     1%          1
g - Scorch                Fire           72%        2d8       1%          2
h - Iskenderun's Battles  Conj           40%        2d9       8%          5
i - Stone Arrow           Conj/Erth      50%        3d10      3%          3

Your spell library contained the following spells:

 Spells                   Type           Power      Damage    Failure   Level
 Airstrike                Air            20%        0-7+      3%          4
 Sting                    Tmut/Pois      96%        1d7       4%          1
 Olgreb's Toxic Radiance  Pois           36%        N/A       4%          4
 Fireball                 Conj/Fire      19%        3d9       9%          5
 Summon Guardian Golem    Hex/Summ       11%        N/A       32%         3
 Lee's Rapid Deconstruct  Erth           5%         3d7*      52%         5
 Leda's Liquefaction      Hex/Erth       5%         N/A       69%         4
 Conjure Ball Lightning   Conj/Air       20%        3x3d6     34%         6
 Orb of Destruction       Conj           20%        9d8       83%         7
 Spellforged Servitor     Conj/Summ      12%        N/A       99%         7
 Statue Form              Tmut/Erth      7%         N/A       100%        6
 Chain Lightning          Conj/Air       20%        3d26      100%        9
 Fire Storm               Conj/Fire      19%        8d5       100%        9
 Shatter                  Erth           5%         3d8*      100%        9


Dungeon Overview and Level Annotations

Branches:
Dungeon (9/15)             Temple (1/1) D:4            Lair (2/6) D:8
 Shoals (0/4) Lair:2        Sewer (visited)
  Snake: Lair:2-4    Spider: Lair:2-4       Orc: D:9-12

Altars:
Ashenzari
Cheibriados
Dithmenos
Elyvilon
Fedhas
Gozag
Hepliaklqana
Kikubaaqudgha
Makhleb
Nemelex Xobeh
Okawaru
Ru
Sif Muna
Trog
Uskayaw
Vehumet
Wu Jian
Xom
Yredelemnul
Zin
The Shining One

Shops:
D:1 :   D:2 :   D:5 =

Portals:
Abyss: D:4

Annotations:
D:4 2 transporters, MikeyLover's ghost, weakling TrBe


Innate Abilities, Weirdness & Mutations

You are too large for most types of armour.
You have tough skin. (AC +1)
You are agile. (Dex +4, Str/Int -1)
You have an increased reservoir of magic. (+10% MP)
Your system is resistant to poisons. (rPois)
Your spells are a little harder to cast, but a little more powerful.


Message History

You hit the merfolk.
The merfolk is severely wounded.
Your +7 flail of Reason {spect, *Slow rElec Dex+8 Stlth+} barely misses the merfolk.
The wall freezes the merfolk!
The merfolk hits you from afar with a +0 trident!
The wall freezes the merfolk.
The merfolk closely misses you.
The wall freezes the merfolk.
The merfolk hits you but does no damage.
The merfolk hits you from afar with a +0 trident!
You are too injured to fight recklessly!
Unknown command.
You are too injured to fight recklessly!
Unknown command.
You are too injured to fight recklessly!
Unknown command.
You are too injured to fight recklessly!
Unknown command.
You are too injured to fight recklessly!
Unknown command.
You are too injured to fight recklessly!
Unknown command.
You hit the merfolk.
The merfolk is severely wounded.
Your +7 flail of Reason {spect, *Slow rElec Dex+8 Stlth+} hits the merfolk!
The merfolk siren chants a haunting song.
You resist with some effort.
The wall freezes the merfolk.
The merfolk misses you.
The wall freezes the merfolk!
The merfolk hits you from afar with a +0 trident!!
The merfolk hits you from afar with a +0 trident!
* * * LOW HITPOINT WARNING * * *
The merfolk siren chants a haunting song.
You are mesmerised by the merfolk siren!
You thump the merfolk!
You kill the merfolk!
Vehumet accepts your kill.
The merfolk hits you from afar with a +0 trident!!
* * * LOW HITPOINT WARNING * * *
The wall freezes the merfolk!
The merfolk hits you from afar with a +0 trident!
You die...

# # #.#≈
# #.>≈
?#m# #.≈≈
#..≈##
#.mm# #
#.)§##
#.###@.#
#......#
#####
#.....P#
.#..#
#..##.##
....###
#####.#
......#
#..#
......#
###.##
......#
###...P#
......#
##.....##


You could see 2 merfolk and a merfolk siren (mesmerising).

Vanquished Creatures
  A hydra (Lair:1)
  A two-headed ogre (D:9)
  Nergalle (Lair:2)
  A cyclops (D:9)
  2 cane toads
  2 komodo dragons (Lair:2)
  A rime drake (Lair:2)
  A merfolk (Lair:2)
  2 polar bears (Lair:1)
  A hornet (D:8)
  29 yaks
  A basilisk (Lair:1)
  3 steam dragons
  Edmund (D:5)
  An acid dragon (D:8)
  3 water moccasins
  2 ice beasts
  3 orc warriors (D:8)
  2 black bears
  3 sky beasts
  3 wolves (Lair:2)
  3 ogres
  3 centaurs
  3 phantoms
  11 bullfrogs
  A kobold brigand (D:9)
  A necrophage (D:6)
  A scorpion (D:5)
  A wight (D:8)
  19 killer bees
  2 jellies (D:6)
  4 orc priests
  Crazy Yiuf (D:3)
  A gnoll bouda (D:7)
  2 hounds
  Jessica (D:3)
  6 iguanas
  8 orc wizards
  16 gnolls
  8 adders
  3 river rats (Sewer)
  A shadow imp (D:6)
  3 white imps
  3 worms
  2 dart slugs
  34 orcs
  12 bats
  10 endoplasms
  10 giant cockroaches
  14 goblins
  5 hobgoblins
  11 jackals
  14 kobolds
  7 quokkas
  12 ball pythons
  12 frilled lizards
  10 rats
319 creatures vanquished.

Vanquished Creatures (others)
  An orc (D:8)
  114 foxfires
  3 fungi
  6 plants
124 creatures vanquished.

Grand Total: 443 creatures vanquished

Notes
Turn   | Place    | Note
-------+----------+-------------------------------------------
     0 | D:1      | ReploidZero the Ogre Ice Elementalist began the quest for
                  | the Orb.
     0 | D:1      | Reached XP level 1. HP: 16/16 MP: 3/3
   203 | D:1      | Found Qowiu's Vocational Training.
   210 | D:1      | Reached XP level 2. HP: 20/24 MP: 0/5
   421 | D:1      | Upgraded the game from 0.29-a0-789-g7a8fcbc185 to
                  | 0.29-a0-802-g34511f41fd
   772 | D:1      | Reached XP level 3. HP: 31/31 MP: 7/7
   776 | D:1      | Learned a level 3 spell: Frozen Ramparts
   780 | D:1      | Learned a level 3 spell: Ozocubu's Armour
  1788 | D:2      | Reached XP level 4. HP: 35/39 MP: 5/9
  1981 | D:2      | Found an ancient bone altar of Kikubaaqudgha.
  2238 | D:2      | Identified the +7 flail of Reason {spect, *Slow rElec Dex+8
                  | Stlth+}
  2352 | D:2      | Found Ceuclucw's Book Boutique.
  2718 | D:3      | Found a faded altar of an unknown god.
  2722 | D:3      | Reached XP level 5. HP: 45/45 MP: 11/11
  2731 | D:3      | Reached skill level 1 in Fighting
  3074 | D:3      | Found a runed translucent door.
  3075 | D:3      | Noticed Crazy Yiuf
  3175 | D:3      | Found a glowing drain.
  3201 | Sewer    | Entered a sewer
  3336 | Sewer    | Reached skill level 5 in Ice Magic
  3495 | Sewer    | Reached XP level 6. HP: 57/57 MP: 13/13
  3535 | Sewer    | Gained mutation: Your body sometimes deteriorates upon
                  | taking damage. [potion of mutation]
  3879 | D:3      | Noticed Jessica
  3886 | D:3      | Killed Jessica
  3887 | D:3      | Reached skill level 5 in Spellcasting
  3890 | D:3      | Found Zin's Purification Station.
  3893 | D:3      | Found a glowing silver altar of Zin.
  3896 | D:3      | Bought a potion of curing for 90 gold pieces
  4123 | D:3      | Killed Crazy Yiuf
  4694 | D:4      | Found a transporter.
  4737 | D:4      | Noticed a sky beast
  4742 | D:4      | Killed a sky beast
  4743 | D:4      | Reached XP level 7. HP: 67/67 MP: 13/15
  4783 | D:4      | Found a staircase to the Ecumenical Temple.
  5009 | D:4      | Identified the +5 bardiche "Vyqi" {pain, rF- rN+ Will+++
                  | Dex+4}
  5139 | D:4      | Noticed an ancient zyme
  5148 | D:4      | Found a transporter.
  5158 | D:4      | Found a one-way gate to the infinite horrors of the Abyss.
  5162 | D:4      | Noticed MikeyLover's ghost (weakling TrBe)
  5298 | D:4      | Lost mutation: Your body sometimes deteriorates upon taking
                  | damage. [potion of mutation]
  5298 | D:4      | Gained mutation: You have an increased reservoir of magic.
                  | (+10% MP) [potion of mutation]
  5298 | D:4      | Gained mutation: Your system is resistant to poisons.
                  | (rPois) [potion of mutation]
  5298 | D:4      | Gained mutation: Your spells are a little harder to cast,
                  | but a little more powerful. [potion of mutation]
  5298 | D:4      | Gained mutation: You are agile. (Dex +4, Str/Int -1)
                  | [potion of mutation]
  5496 | Temple   | Entered the Ecumenical Temple
  5896 | Temple   | Became a worshipper of Vehumet
  5902 | Temple   | Learned a level 4 spell: Hailstorm
  5905 | Temple   | Learned a level 2 spell: Poisonous Vapours
  5936 | D:5      | Entered Level 5 of the Dungeon
  5975 | D:5      | Noticed Edmund
  5984 | D:5      | Killed Edmund
  6213 | D:5      | Found Kupoazi's Jewellery Emporium.
  6240 | D:5      | Reached skill level 5 in Fighting
  6343 | D:5      | Reached XP level 8. HP: 80/80 MP: 19/19
  6367 | D:5      | Reached skill level 1 in Air Magic
  6617 | D:5      | Reached skill level 1 in Poison Magic
  6618 | D:5      | Reached skill level 1 in Conjurations
  7066 | D:6      | Found a sparkling altar of Nemelex Xobeh.
  7182 | D:6      | Reached * piety under Vehumet
  7182 | D:6      | Offered knowledge of Foxfire by Vehumet.
  7185 | D:6      | Learned a level 1 spell: Foxfire
  7646 | D:6      | Reached XP level 9. HP: 85/92 MP: 13/21
  8379 | D:6      | Reached skill level 1 in Fire Magic
  8870 | D:7      | Offered knowledge of Scorch by Vehumet.
  8876 | D:7      | Learned a level 2 spell: Scorch
  8885 | D:7      | Reached ** piety under Vehumet
  9203 | D:7      | Found a snail-covered altar of Cheibriados.
  9239 | D:7      | Found a bloodstained altar of Trog.
  9398 | D:8      | Found an ornate altar of the Wu Jian Council.
  9425 | D:8      | Noticed a hornet
  9431 | D:8      | Killed a hornet
  9434 | D:8      | Reached XP level 10. HP: 43/102 MP: 14/23
  9586 | D:8      | Found a runed translucent door.
  9730 | D:8      | Found a staircase to the Lair.
 10141 | D:8      | Offered knowledge of Ignite Poison by Vehumet.
 10274 | D:8      | Reached *** piety under Vehumet
 10424 | D:9      | Found a broken altar of Ashenzari.
 10511 | D:9      | Found a faded altar of an unknown god.
 10511 | D:9      | Found a basalt altar of Yredelemnul.
 10522 | D:9      | Found a hazy altar of Hepliaklqana.
 10525 | D:9      | Found a faded altar of an unknown god.
 10527 | D:9      | Found an opulent altar of Gozag.
 10731 | D:9      | Offered knowledge of Stone Arrow by Vehumet.
 10807 | D:9      | Noticed a two-headed ogre
 10815 | D:9      | Killed a two-headed ogre
 10827 | D:9      | Reached XP level 11. HP: 80/113 MP: 23/25
 10894 | D:9      | Noticed a cyclops
 10901 | D:9      | Killed a cyclops
 11174 | D:8      | Learned a level 5 spell: Iskenderun's Battlesphere
 11178 | D:8      | Learned a level 3 spell: Stone Arrow
 11179 | Lair:1   | Entered Level 1 of the Lair of Beasts
 11179 | Lair:1   | Found a basalt altar of Yredelemnul.
 11324 | Lair:1   | Reached **** piety under Vehumet
 11329 | Lair:1   | Reached skill level 5 in Poison Magic
 11466 | Lair:1   | Reached skill level 5 in Air Magic
 11470 | Lair:1   | Reached skill level 5 in Conjurations
 11646 | Lair:1   | Noticed a seven-headed hydra
 11658 | Lair:1   | Killed a seven-headed hydra
 11879 | Lair:1   | Offered knowledge of Airstrike by Vehumet.
 12285 | Lair:2   | Noticed Nergalle
 12307 | Lair:2   | Reached skill level 5 in Dodging
 12311 | Lair:2   | Killed Nergalle
 12312 | Lair:2   | Reached XP level 12. HP: 51/126 MP: 11/27
 12481 | Lair:2   | Found the +15 Maxwell's patent armour {-Cast -Tele rElec
                  | Will+ rCorr}
 12516 | Lair:2   | Reached skill level 5 in Fire Magic
 13034 | Lair:2   | Found a staircase to the Shoals.
 13040 | Lair:2   | Slain by a merfolk

Illustrated notes

Levels and vault maps discovered:
D:1:      amcnicky_arrival_wind_blow, layout_basic, minmay_misc_feat_iff,
          nicolae_shop_vocational
D:2:      layout_basic, basic_altar, serial_shops, shop
D:3:      layout_rooms, zin_purify, hellmonk_ecumenical_altar_blasted,
          gup_sewer_entry_pipe, uniq_crazy_yiuf_cottage, uniq_jessica
D:4:      layout_layer_cave, minmay_temple_entry_mist,
          gammafunk_ghost_abyssal_escape
D:5:      layout_basic, serial_shops, nicolae_shop_statue_plus, uniq_edmund
D:6:      layout_gridville, nemelex_xobeh_ov_fountains_minmay, dk_vineyard_1,
          minmay_increasing_density
D:7:      layout_loops_ring, cheibriados_altar_1, trog_hazing_becter
D:8:      layout_basic, nicolae_wu_jian_wuxing_cycle,
          due_lair_maze_entry_diamond, lightli_church_of_beogh
D:9:      layout_basic, mainiacjoe_overflow_cross_hatched,
          chequers_temple_overflow_minitemple
Temple:   hc_temple_tempest_star
Lair:1:   layout_roguey, basic_altar, infiniplex_staircase_pool, uniq_urug
Lair:2:   layout_cave_pods, elwin_shoals_entry_stream,
          dreamdust_deal_with_the_devil, uniq_nergalle

Skill      XL: |  1  2  3  4  5  6  7  8  9 10 11 12 |
---------------+-------------------------------------+-----
Spellcasting   | 3 4 5 6 7 8 9 |  9.4
Ice Magic      | 4 5 6 7 8 |  8.6
Fighting       | 2 3 5 6 7 8 9 |  9.9
Air Magic      | 2 3 4 5 |  5.7
Poison Magic   | 2 3 4 5 |  5.0
Conjurations   | 2 3 4 5 |  5.7
Fire Magic     | 2 3 4 5 |  5.1
Dodging        | 2 3 5 |  5.2
Stealth        | |  1.4

Action                   |  1- 3 |  4- 6 |  7- 9 | 10-12 || total
-------------------------+-------+-------+-------+-------++-------
Melee: Unarmed           |    12 |       |       |       ||    12
       Whip              |    68 |    62 |       |       ||   130
       Flail             |       |    72 |    90 |   102 ||   264
       Punch             |       |       |     1 |     2 ||     3
 Cast: Freeze            |    35 |       |     9 |     6 ||    50
       Frozen Ramparts   |     3 |     6 |    25 |    28 ||    62
       Ozocubu's Armour  |       |     1 |     1 |     3 ||     5
       Poisonous Vapours |       |       |     5 |       ||     5
       Foxfire           |       |       |    54 |    19 ||    73
       Hailstorm         |       |       |     2 |    15 ||    17
       Scorch            |       |       |     2 |    14 ||    16
       Stone Arrow       |       |       |       |    19 ||    19
Evoke: Wand              |       |     1 |       |       ||     1
  Use: Scroll            |     1 |     8 |     2 |     2 ||    13
       Potion            |       |     1 |     5 |       ||     6
 Stab: Sleeping          |     4 |    11 |     4 |     1 ||    20
Armor: Robe              |    33 |    55 |    16 |       ||   104
       Steam dragon scal |       |       |    33 |    63 ||    96
Dodge: Dodged            |    54 |    70 |    79 |   123 ||   326

Table legend: (Time is in decaauts)
 A = Elapsed time spent in this place.
 B = Non-inter-level travel time spent in this place.
 C = Inter-level travel time spent in this place.
 D = Time resting spent in this place.
 E = Time spent auto-exploring this place.
 F = Levels seen in this place.
 G = Mean time per level.
                   A        B        C        D        E       F      G
               +--------+--------+--------+--------+--------+-----+--------+
         Total |  13382 |  12788 |    594 |      0 |  10599 |  13 | 1029.4 |
       Dungeon |  10274 |   9757 |    517 |      0 |   8101 |   9 | 1141.6 |
        Temple |    417 |    341 |     76 |      0 |    300 |   1 |  417.0 |
          Lair |   1887 |   1886 |      1 |      0 |   1635 |   2 |  943.5 |
         Sewer |    802 |    802 |      0 |      0 |    562 |   1 |  802.0 |
               +--------+--------+--------+--------+--------+-----+--------+

Top non-repeatable levels by time:
     D:1: 1728 daAuts
     D:6: 1556 daAuts
     D:4: 1360 daAuts
     D:3: 1081 daAuts
     D:8: 1059 daAuts
  Lair:2: 1032 daAuts
     D:2: 1024 daAuts
     D:5: 898 daAuts
  Lair:1: 855 daAuts
     D:7: 842 daAuts
   Sewer: 802 daAuts
     D:9: 724 daAuts
  Temple: 417 daAuts
